Description

Zergling mass rush

Build Order

Get SALT Encoding   

  12  0:01  Drone  
  13  0:09  Drone  
  13  0:17  Extractor  
  14  0:19  Drone  
  15  0:31  Spawning Pool  
  14  0:36  Extractor  
  13  0:39  Drone  
  14  0:46  Overlord  
  15  1:09  Drone x3  
  17  1:29  Hatchery  
  16  1:35  Zergling x2  
  18  1:44  Metabolic Boost  
  18  1:48  Zergling x3  
  22  2:02  Queen  
  24  2:08  Overlord  
  24  2:24  Overlord  
  24  2:30  Zergling  
Spawning Tool Build Advisor. Get it on Overwolf

Go to:

Details

  • Created by: DPK
  • Published on: Aug 12, 2017
  • Modified on: Aug 12, 2017
  • Patch: 3.8.0
Show
View Real Time Build Order
Export as new Build Order

Comments (0)

There are no comments. Be the first!

Create an account to comment!